[Event "EYCC Open-U12 2019"]
[Site "Bratislava"]
[Date "2019.08.08"]
[Round "7.8"]
[White "Kuhn, Clement"]
[Black "Kanov, Nikola"]
[Result "1/2-1/2"]
[ECO "C55"]
[WhiteElo "1979"]
[BlackElo "1908"]
[Annotator "NA"]
[PlyCount "139"]
[EventDate "2019.08.02"]
[EventType "swiss"]
[EventCountry "SVK"]
[SourceTitle "playchess.com"]
[Source "ChessBase"]
[SourceQuality "1"]
[TimeControl "40/5400+30:1800+30"]

1. e4 e5 2. Nf3 Nc6 3. d4 exd4 4. Bc4 Nf6 5. e5 Ng4 6. O-O Be7 7. Re1 d6 8. exd6 cxd6 9. Bg5 Nge5 10. Bxe7 Qxe7 11. Nbd2 O-O 12. h3 Be6 13. Bb5 Qf6 14. Bxc6 bxc6 15. Nxd4 Bd5 16. Re3 Ng6 17. c3 Rae8 18. Qe1 Rxe3 19. Qxe3 Nf4 20. N4f3 h5 21. Re1 a5 22. c4 Bxf3 23. Qxf3 d5 24. Kh2 h4 25. cxd5 cxd5 26. g3 hxg3+ 27. fxg3 Nd3 28. Re2 Qxf3 29. Nxf3 Nc1 30. Rd2 Nxa2 31. Rxd5 Rb8 32. Rxa5 Rxb2+ 33. Kh1 f6 34. Rd5 Rf2 35. Rf5 Nc3 36. Nd4 Rd2 37. Nf3 Rb2 38. Nd4 Ne4 39. Rf3 Ng5 40. Rb3 Rxb3 41. Nxb3 Nxh3 42. Kg2 Ng5 43. Nd4 g6 44. Ne2 Kf7 45. Nf4 Ne6 46. Nd3 Ke7 47. g4 Kd6 48. Kg3 Kd5 49. Nb4+ Kc5 50. Nc2 Kc4 51. Ne3+ Kd4 52. Nc2+ Ke4 53. Nb4 Nd4 54. Na6 Ne2+ 55. Kf2 Nc3 56. Kg3 Ke3 57. Nc7 Ne4+ 58. Kh4 Kf3 59. Ne6 g5+ 60. Kh5 Kg3 61. Nd4 Kf4 62. Ne6+ Ke5 63. Nf8 Nf2 64. Nh7 Nh3 65. Kg6 Nf4+ 66. Kh6 Ne6 67. Kg6 Nf4+ 68. Kh6 Nd5 69. Nxg5 Ne3 70. Kh5 1/2-1/2

[Event "EYCC Open-U12 2019"]
[Site "Bratislava"]
[Date "2019.08.08"]
[Round "7.9"]
[White "Vagman, Roy"]
[Black "Lystsov, Leonid"]
[Result "1-0"]
[ECO "B24"]
[WhiteElo "1941"]
[BlackElo "2086"]
[Annotator "NA"]
[PlyCount "67"]
[EventDate "2019.08.02"]
[EventType "swiss"]
[EventCountry "SVK"]
[SourceTitle "playchess.com"]
[Source "ChessBase"]
[SourceQuality "1"]
[TimeControl "40/5400+30:1800+30"]

1. e4 c5 2. Nc3 Nc6 3. Bb5 Nd4 4. Nf3 Nxb5 5. Nxb5 d5 6. exd5 a6 7. Nc3 Nf6 8. O-O Nxd5 9. Ne4 e6 10. d4 cxd4 11. Qxd4 Qb6 12. Qd3 Be7 13. c4 Nb4 14. Qc3 Qa5 15. Qxg7 Rf8 16. Bg5 Qf5 17. Bxe7 Kxe7 18. Ng3 Qf6 19. Qxh7 Bd7 20. a3 Nc6 21. Rad1 Rad8 22. Qd3 Qxb2 23. Rb1 Qa2 24. Qc3 b5 25. cxb5 axb5 26. Qc5+ Ke8 27. Ne4 f6 28. Nd6+ Ke7 29. Nxb5+ Kf7 30. Nc3 Qc2 31. Rb7 Nb8 32. Nd4 Qg6 33. Nxe6 Rc8 34. Qd5 1-0

[Event "EYCC Open-U12 2019"]
[Site "Bratislava"]
[Date "2019.08.08"]
[Round "7.10"]
[White "Palczert, Matyas"]
[Black "von Mettenheim, Johannes"]
[Result "0-1"]
[ECO "B10"]
[WhiteElo "2065"]
[BlackElo "1809"]
[Annotator "NA"]
[PlyCount "76"]
[EventDate "2019.08.02"]
[EventType "swiss"]
[EventCountry "SVK"]
[SourceTitle "playchess.com"]
[Source "ChessBase"]
[SourceQuality "1"]
[TimeControl "40/5400+30:1800+30"]

1. e4 c6 2. Nf3 d5 3. exd5 cxd5 4. Ne5 Nf6 5. d4 g6 6. Bd3 Bg7 7. O-O O-O 8. c3 Nc6 9. Qe2 Nxe5 10. dxe5 Nd7 11. f4 Nc5 12. Bc2 b6 13. Rd1 Ba6 14. Qf3 Bb7 15. b4 Ne6 16. Bb3 Nc7 17. Be3 Qc8 18. Bd4 f6 19. exf6 Bxf6 20. Bxf6 Rxf6 21. Qe3 Kf8 22. Na3 Qg4 23. g3 Ne6 24. f5 gxf5 25. Bxd5 f4 26. Bxe6 Qxd1+ 27. Rxd1 fxe3 28. Bg4 Bf3 29. Bxf3 Rxf3 30. Rf1 Rxf1+ 31. Kxf1 Rd8 32. Nc4 Rd3 33. Ke2 Rxc3 34. Nxe3 Ra3 35. Nd5 Rxa2+ 36. Kd3 Rxh2 37. Kc4 Rg2 38. Kb5 a5 0-1

[Event "EYCC Open-U12 2019"]
[Site "Bratislava"]
[Date "2019.08.08"]
[Round "7.11"]
[White "Habans Aguerrea, Javier"]
[Black "Trost, Edvin"]
[Result "1/2-1/2"]
[ECO "A20"]
[WhiteElo "2083"]
[BlackElo "2069"]
[Annotator "NA"]
[PlyCount "186"]
[EventDate "2019.08.02"]
[EventType "swiss"]
[EventCountry "SVK"]
[SourceTitle "playchess.com"]
[Source "ChessBase"]
[SourceQuality "1"]
[TimeControl "40/5400+30:1800+30"]

1. c4 e5 2. g3 Nf6 3. Bg2 d5 4. cxd5 Nxd5 5. Nf3 Nc6 6. O-O Nb6 7. b3 Bd6 8. Bb2 O-O 9. d4 e4 10. Ne5 f5 11. Nxc6 bxc6 12. Qc2 Bd7 13. Nd2 Qe8 14. e3 Be6 15. f3 exf3 16. Bxf3 Bd5 17. Rae1 Qg6 18. e4 fxe4 19. Bxe4 Rxf1+ 20. Rxf1 Qh5 21. Qd1 Qg5 22. Qe2 Bxe4 23. Nxe4 Qg6 24. Nc3 Rf8 25. Rxf8+ Bxf8 26. Qe4 Qd6 27. Bc1 Nd5 28. Nxd5 cxd5 29. Qf3 Qe6 30. Bf4 c5 31. Be5 a6 32. Qc3 c4 33. Kg2 Qc6 34. Kf2 Qb5 35. bxc4 dxc4 36. Qf3 Qa5 37. a4 Qxa4 38. Qd5+ Kh8 39. Qf7 Qb4 40. d5 Qc5+ 41. Kg2 h6 42. Qe6 Qe7 43. Qxh6+ Kg8 44. Qf4 Qc5 45. Qe4 c3 46. Bxc3 Qxc3 47. Qe6+ Kh8 48. Qh3+ Kg8 49. Qe6+ Kh7 50. Qf5+ Kh6 51. Qxf8 Qd2+ 52. Kg1 Qxd5 53. Qh8+ Kg6 54. Qe8+ Kh7 55. Qa4 a5 56. h4 Qe5 57. Kh2 Qe2+ 58. Kh3 Qe5 59. Kh2 Kg8 60. Qd7 Kf8 61. Qd8+ Kf7 62. Qd7+ Kf6 63. Qd8+ Kf5 64. Qd3+ Ke6 65. Qa6+ Kf5 66. Qd3+ Kg4 67. Qd1+ Kf5 68. Qd3+ Kf6 69. Qf3+ Kg6 70. Qd3+ Qf5 71. Qd1 Kh7 72. Qa4 g5 73. hxg5 Qxg5 74. Kg2 Qd5+ 75. Kf2 Kg7 76. Ke2 Kf7 77. Qf4+ Ke6 78. Qe3+ Kf6 79. Qd3 Qa2+ 80. Kd1 a4 81. Qd6+ Kf5 82. Qf4+ Ke6 83. Qe3+ Kf6 84. Qf4+ Ke6 85. Qe3+ Kd5 86. Qd2+ Qxd2+ 87. Kxd2 a3 88. Kc2 a2 89. Kb2 a1=N 90. Kxa1 Ke4 91. g4 Kf4 92. g5 Kf5 93. g6 Kxg6 1/2-1/2

[Event "EYCC Open-U12 2019"]
[Site "Bratislava"]
[Date "2019.08.08"]
[Round "7.12"]
[White "Bakiev, Diyor"]
[Black "Pidluznij, Gleb"]
[Result "0-1"]
[ECO "B22"]
[WhiteElo "2121"]
[BlackElo "1947"]
[Annotator "NA"]
[PlyCount "140"]
[EventDate "2019.08.02"]
[EventType "swiss"]
[EventCountry "SVK"]
[SourceTitle "playchess.com"]
[Source "ChessBase"]
[SourceQuality "1"]
[TimeControl "40/5400+30:1800+30"]

1. e4 c5 2. c3 Nf6 3. e5 Nd5 4. d4 cxd4 5. Nf3 Nc6 6. cxd4 d6 7. Bc4 dxe5 8. dxe5 Ndb4 9. Qxd8+ Nxd8 10. Na3 a6 11. Bd2 e6 12. O-O Be7 13. Bxb4 Bxb4 14. Nc2 Be7 15. a4 Nc6 16. Rfd1 O-O 17. Bb3 Rd8 18. Ne3 Na5 19. Rxd8+ Bxd8 20. Bc2 Be7 21. Rd1 b5 22. Be4 Ra7 23. b4 Nb3 24. a5 Rd7 25. Rxd7 Bxd7 26. Nc2 Bc8 27. Kf1 Nc1 28. Nfd4 Na2 29. Nc6 Bf8 30. Na7 Bd7 31. Bc6 Bxc6 32. Nxc6 f6 33. exf6 gxf6 34. f4 Kf7 35. Kf2 Ke8 36. Kf3 Bd6 37. f5 Kd7 38. N6d4 exf5 39. Nxf5 Bxb4 40. Nxb4 Nxb4 41. Nd4 Nc6 42. Nb3 Ke6 43. Nc5+ Ke5 44. Nxa6 Nxa5 45. h4 Nc6 46. Nc5 f5 47. Ke3 f4+ 48. Kd3 Kd5 49. Nb3 Ne5+ 50. Ke2 b4 51. h5 Kc4 52. Nd2+ Kc3 53. Kd1 Kd3 54. Nb3 Kc3 55. Nd2 Kd3 56. Nb3 Nd7 57. Nc1+ Ke3 58. Na2 b3 59. Nb4 Nf6 60. h6 Ng4 61. Nc6 Nxh6 62. Na5 b2 63. Nc4+ Kf2 64. Nxb2 Kxg2 65. Ke1 Ng4 66. Nd3 Kg3 67. Kf1 f3 68. Kg1 f2+ 69. Kf1 Nh2+ 70. Ke2 f1=Q+ 0-1

[Event "EYCC Open-U12 2019"]
[Site "Bratislava"]
[Date "2019.08.08"]
[Round "7.13"]
[White "Navumenka, Mikhei"]
[Black "Tarhan, Adar"]
[Result "1-0"]
[ECO "E06"]
[WhiteElo "2196"]
[BlackElo "1972"]
[Annotator "NA"]
[PlyCount "61"]
[EventDate "2019.08.02"]
[EventType "swiss"]
[EventCountry "SVK"]
[SourceTitle "playchess.com"]
[Source "ChessBase"]
[SourceQuality "1"]
[TimeControl "40/5400+30:1800+30"]

1. d4 d5 2. c4 e6 3. Nf3 Nf6 4. g3 Be7 5. Bg2 O-O 6. O-O dxc4 7. Qc2 a6 8. a4 Bd7 9. Qxc4 Bc6 10. Nc3 b5 11. Qb3 b4 12. Nb1 Nbd7 13. Nbd2 Bd5 14. Qd3 c5 15. e4 Bb7 16. e5 Nd5 17. Nc4 cxd4 18. Qxd4 Nc5 19. Qg4 f5 20. exf6 Nxf6 21. Qh3 Rc8 22. Be3 Nfe4 23. Nfe5 Bd5 24. Rad1 Qe8 25. Nb6 Rd8 26. Nxd5 Rxd5 27. Bxe4 Nxe4 28. Qxe6+ Kh8 29. Qxd5 Ng5 30. Bxg5 Bxg5 31. Nd7 1-0

[Event "EYCC Open-U12 2019"]
[Site "Bratislava"]
[Date "2019.08.08"]
[Round "7.14"]
[White "Ristic, Luka"]
[Black "Stork, Christopher"]
[Result "1/2-1/2"]
[ECO "B40"]
[WhiteElo "2113"]
[BlackElo "1905"]
[Annotator "NA"]
[PlyCount "150"]
[EventDate "2019.08.02"]
[EventType "swiss"]
[EventCountry "SVK"]
[SourceTitle "playchess.com"]
[Source "ChessBase"]
[SourceQuality "1"]
[TimeControl "40/5400+30:1800+30"]

1. e4 c5 2. Nf3 e6 3. d4 cxd4 4. Nxd4 Nf6 5. Nc3 Nc6 6. Ndb5 Bc5 7. Bf4 O-O 8. Bc7 Qe7 9. Bd6 Bxd6 10. Qxd6 Qd8 11. Nc7 Rb8 12. O-O-O b6 13. Be2 Bb7 14. f4 Rc8 15. Na6 Ne7 16. Qd4 d5 17. e5 Nd7 18. Qa4 Nc5 19. Nxc5 Rxc5 20. Ne4 Ra5 21. Qb3 Qc7 22. Nd6 Bc6 23. Bb5 Bxb5 24. Nxb5 Qc5 25. Nd6 Qc6 26. Rd3 Rc5 27. Rhd1 Nc8 28. Nxc8 Rxc8 29. c3 g6 30. Rd4 Rc4 31. g4 Qc5 32. Kb1 Qe7 33. Qc2 Qh4 34. Qe2 Rxd4 35. cxd4 Rc4 36. Qg2 Qe7 37. f5 Qb4 38. Qf2 Qe7 39. f6 Qf8 40. Qd2 h6 41. Rf1 Kh7 42. Rf3 Rc6 43. Rh3 Rc4 44. Qd3 Kg8 45. Qd2 Kh7 46. b3 Rc6 47. Kb2 a5 48. a4 Rc7 49. Qd3 Kg8 50. Ka2 Rc6 51. Rf3 Qc8 52. Kb2 Rc7 53. Rf2 Rc6 54. Qe3 Kh7 55. h4 Qc7 56. Qd3 Kg8 57. Qb5 Qc8 58. Re2 Kh7 59. Rd2 Kg8 60. h5 g5 61. Qd3 Qc7 62. Qa6 Rc1 63. Qd3 Rc6 64. Ka2 Qc8 65. Kb2 Qc7 66. Qb5 Qc8 67. Qd3 Qc7 68. Rf2 Qc8 69. Qb1 Rc3 70. Rc2 Rxc2+ 71. Qxc2 Qxc2+ 72. Kxc2 Kf8 73. b4 Ke8 74. Kb3 Kd7 75. bxa5 bxa5 1/2-1/2

[Event "EYCC Open-U12 2019"]
[Site "Bratislava"]
[Date "2019.08.08"]
[Round "7.15"]
[White "Konyves, Almos"]
[Black "Suleymanov, Ali"]
[Result "0-1"]
[ECO "D58"]
[WhiteElo "2104"]
[BlackElo "1733"]
[Annotator "NA"]
[PlyCount "56"]
[EventDate "2019.08.02"]
[EventType "swiss"]
[EventCountry "SVK"]
[SourceTitle "playchess.com"]
[Source "ChessBase"]
[SourceQuality "1"]
[TimeControl "40/5400+30:1800+30"]

1. Nf3 Nf6 2. c4 e6 3. Nc3 d5 4. d4 Be7 5. Bg5 h6 6. Bh4 O-O 7. e3 b6 8. cxd5 exd5 9. Bd3 Bb7 10. O-O Ne4 11. Bxe7 Qxe7 12. Qc2 c5 13. dxc5 bxc5 14. Rfd1 Nf6 15. Be2 Nbd7 16. Rac1 Rac8 17. Qd2 Rfd8 18. Qe1 Nf8 19. b3 Ne6 20. Bf1 d4 21. exd4 Bxf3 22. gxf3 cxd4 23. Nb5 Rxc1 24. Rxc1 Nd5 25. Qe5 a6 26. Bc4 Ndf4 27. Bxe6 Nxe6 28. Nc7 Rc8 0-1

[Event "EYCC Open-U12 2019"]
[Site "Bratislava"]
[Date "2019.08.08"]
[Round "7.16"]
[White "Nastore, Pavel-Alexandru"]
[Black "Valiyev, Shahin"]
[Result "1/2-1/2"]
[ECO "D31"]
[WhiteElo "2084"]
[BlackElo "1830"]
[Annotator "NA"]
[PlyCount "91"]
[EventDate "2019.08.02"]
[EventType "swiss"]
[EventCountry "SVK"]
[SourceTitle "playchess.com"]
[Source "ChessBase"]
[SourceQuality "1"]
[TimeControl "40/5400+30:1800+30"]

1. d4 d5 2. c4 c6 3. Nc3 e6 4. e4 dxe4 5. Nxe4 Bb4+ 6. Bd2 Bxd2+ 7. Qxd2 Nf6 8. Ng3 O-O 9. Nf3 Qc7 10. Bd3 c5 11. O-O cxd4 12. Nxd4 Nc6 13. Nxc6 Qxc6 14. Rad1 b6 15. Be2 Bb7 16. Bf3 Qc7 17. Bxb7 Qxb7 18. Qd6 Qa6 19. b3 Qxa2 20. Rd3 h6 21. Rfd1 Kh7 22. Qf4 Qa5 23. h3 Qc5 24. Qh4 a5 25. Ne4 Nxe4 26. Qxe4+ Kg8 27. Rd7 Rac8 28. Qb7 Qc6 29. R1d6 Qxb7 30. Rxb7 a4 31. bxa4 Rxc4 32. Ra7 Rb4 33. g3 g6 34. Kg2 Kg7 35. Rxe6 Rxa4 36. Rb7 b5 37. Reb6 Rb4 38. Rxb5 Rxb5 39. Rxb5 Rc8 40. Rb6 Rc3 41. h4 h5 42. Rb4 f5 43. Rb6 Kf7 44. Ra6 Rb3 45. Ra4 Kf6 46. Ra5 {[%emt 0:00:10] Ke5} 1/2-1/2

[Event "EYCC Open-U12 2019"]
[Site "Bratislava"]
[Date "2019.08.08"]
[Round "7.17"]
[White "Milanovic, Marko"]
[Black "Pavesi, Brando"]
[Result "0-1"]
[ECO "B19"]
[WhiteElo "1814"]
[BlackElo "2109"]
[Annotator "NA"]
[PlyCount "100"]
[EventDate "2019.08.02"]
[EventType "swiss"]
[EventCountry "SVK"]
[SourceTitle "playchess.com"]
[Source "ChessBase"]
[SourceQuality "1"]
[TimeControl "40/5400+30:1800+30"]

1. e4 c6 2. d4 d5 3. Nd2 dxe4 4. Nxe4 Bf5 5. Ng3 Bg6 6. h4 h6 7. Nf3 Nd7 8. h5 Bh7 9. Bd3 Bxd3 10. Qxd3 e6 11. Bd2 Ngf6 12. O-O-O Be7 13. Kb1 Qb6 14. Ne4 Nxe4 15. Qxe4 Nf6 16. Qe2 Qb5 17. Qxb5 cxb5 18. Ne5 O-O 19. g4 Ne4 20. Be3 Rfd8 21. f3 Nf6 22. Rhg1 Nd5 23. Bc1 Bg5 24. f4 Nxf4 25. Rgf1 f6 26. Bxf4 Bxf4 27. Rxf4 fxe5 28. Re4 Rxd4 29. Rdxd4 exd4 30. Rxd4 Rf8 31. c3 a6 32. Kc2 Rf2+ 33. Kb3 e5 34. Re4 Rf4 35. Rxe5 Rxg4 36. Re7 Rg5 37. Rxb7 Rxh5 38. Ra7 Rg5 39. Rxa6 h5 40. a4 h4 41. Rd6 h3 42. Rd1 h2 43. Rh1 bxa4+ 44. Kxa4 Rg2 45. b4 g5 46. Kb3 Kf7 47. Kc4 g4 48. b5 g3 49. b6 Rb2 50. Kd3 Rxb6 0-1

[Event "EYCC Open-U12 2019"]
[Site "Bratislava"]
[Date "2019.08.08"]
[Round "7.18"]
[White "Eliseev, Sergey"]
[Black "Tran, David"]
[Result "1/2-1/2"]
[ECO "A48"]
[WhiteElo "2053"]
[BlackElo "2112"]
[Annotator "NA"]
[PlyCount "85"]
[EventDate "2019.08.02"]
[EventType "swiss"]
[EventCountry "SVK"]
[SourceTitle "playchess.com"]
[Source "ChessBase"]
[SourceQuality "1"]
[TimeControl "40/5400+30:1800+30"]

1. d4 Nf6 2. Nf3 g6 3. Bg5 Bg7 4. Nbd2 O-O 5. c3 d6 6. e4 c5 7. dxc5 dxc5 8. Bc4 Nc6 9. Qe2 Qc7 10. O-O Na5 11. Bd3 h6 12. Bxf6 exf6 13. b4 Nc6 14. b5 Ne5 15. Nxe5 fxe5 16. Bc4 Kh8 17. Bd5 a6 18. Rfb1 axb5 19. Qxb5 Rd8 20. Nc4 Ra6 21. g3 f5 22. Kg2 fxe4 23. Ne3 b6 24. Qc6 Qxc6 25. Bxc6 Rf8 26. Rb2 Bf5 27. Bb7 Ra7 28. Bd5 Rf6 29. Rab1 Ra6 30. Bc4 Ra3 31. Nd5 e3 32. Nxf6 Bxb1 33. Nd7 Be4+ 34. f3 Rxc3 35. Be2 Rc2 36. Rxc2 Bxc2 37. Nxb6 e4 38. f4 Bd3 39. Kf1 Bc3 40. Nc4 Bd2 41. Ne5 Bb1 42. a4 Bc2 43. Bb5 1/2-1/2

[Event "EYCC Open-U12 2019"]
[Site "Bratislava"]
[Date "2019.08.08"]
[Round "7.19"]
[White "Stevanovic, Jovan"]
[Black "Meers, Hubert"]
[Result "0-1"]
[ECO "A30"]
[WhiteElo "1783"]
[BlackElo "2141"]
[Annotator "NA"]
[PlyCount "78"]
[EventDate "2019.08.02"]
[EventType "swiss"]
[EventCountry "SVK"]
[SourceTitle "playchess.com"]
[Source "ChessBase"]
[SourceQuality "1"]
[TimeControl "40/5400+30:1800+30"]

1. c4 c5 2. g3 Nc6 3. Bg2 g6 4. Nf3 e5 5. d3 Bg7 6. O-O Nge7 7. Nc3 O-O 8. Rb1 d6 9. a3 a5 10. Ne1 Be6 11. Nc2 d5 12. b3 Qd7 13. e4 dxc4 14. bxc4 Nc8 15. Ne3 Rb8 16. Ned5 N8a7 17. Be3 Nd4 18. Bxd4 cxd4 19. Nb6 Qd6 20. Ncd5 Qxa3 21. Ra1 Qc5 22. Qd2 Nc6 23. Rfb1 Qd6 24. Rb5 f5 25. exf5 gxf5 26. f4 Kh8 27. fxe5 Bxe5 28. Re1 Rbe8 29. Nf4 Bxf4 30. Qxf4 Qxf4 31. gxf4 Rg8 32. Kh1 Bxc4 33. Rxe8 Bxb5 34. Rxg8+ Kxg8 35. Bd5+ Kg7 36. Nc4 Bxc4 37. Bxc4 a4 38. Ba2 Nb4 39. Bc4 a3 0-1

[Event "EYCC Open-U12 2019"]
[Site "Bratislava"]
[Date "2019.08.08"]
[Round "7.20"]
[White "Shinkarov, Artem"]
[Black "Kamilov, Dmitry"]
[Result "1-0"]
[ECO "A53"]
[WhiteElo "1798"]
[BlackElo "1990"]
[Annotator "NA"]
[PlyCount "129"]
[EventDate "2019.08.02"]
[EventType "swiss"]
[EventCountry "SVK"]
[SourceTitle "playchess.com"]
[Source "ChessBase"]
[SourceQuality "1"]
[TimeControl "40/5400+30:1800+30"]

1. d4 Nf6 2. c4 d6 3. Nc3 e5 4. dxe5 dxe5 5. Qxd8+ Kxd8 6. Nf3 Nbd7 7. Ng5 Ke7 8. b3 h6 9. Nf3 c6 10. Bb2 Ke6 11. g3 Bd6 12. Rd1 g5 13. Bg2 Re8 14. Nd2 Bf8 15. Nf1 Bc5 16. Ne3 g4 17. h3 h5 18. h4 Nb6 19. O-O Ke7 20. Ne4 Nxe4 21. Bxe4 Kf8 22. Nf5 Bxf5 23. Bxf5 Rad8 24. a4 Na8 25. e3 Bd6 26. Rd2 Ke7 27. Rfd1 Nc7 28. c5 Bxc5 29. Bxe5 Rxd2 30. Rxd2 Ne6 31. Bc3 Rd8 32. Rxd8 Kxd8 33. Kf1 Nc7 34. Ke2 Nd5 35. Bd2 Bb4 36. Bxb4 Nxb4 37. Kd2 a5 38. Kc3 b6 39. Be4 Kd7 40. f3 gxf3 41. Bxf3 Nd5+ 42. Kd4 Nf6 43. Ke5 Ke7 44. Bxc6 Ng4+ 45. Kf4 Kf6 46. Bf3 Nf2 47. Be2 Nh3+ 48. Ke4 Nf2+ 49. Kd4 Nh1 50. Bxh5 Nxg3 51. Bg4 Nf1 52. e4 Nd2 53. Bd1 Ke6 54. Ke3 Nf1+ 55. Kf4 Nd2 56. Be2 Kf6 57. Bc4 Kg6 58. h5+ Kxh5 59. Bxf7+ Kh6 60. Bd5 Kg7 61. Ke5 Kf8 62. Kd6 Ke8 63. e5 Nf1 64. e6 Ne3 65. Bc6+ 1-0

[Event "EYCC Open-U12 2019"]
[Site "Bratislava"]
[Date "2019.08.08"]
[Round "7.21"]
[White "Andreev, Konstantin"]
[Black "Pingin, Artem"]
[Result "0-1"]
[ECO "E09"]
[WhiteElo "2271"]
[BlackElo "2155"]
[Annotator "NA"]
[PlyCount "50"]
[EventDate "2019.08.02"]
[EventType "swiss"]
[EventCountry "SVK"]
[SourceTitle "playchess.com"]
[Source "ChessBase"]
[SourceQuality "1"]
[TimeControl "40/5400+30:1800+30"]

1. d4 Nf6 2. Nf3 e6 3. c4 d5 4. g3 Be7 5. Bg2 O-O 6. Nbd2 Nbd7 7. O-O c6 8. Qc2 b6 9. e4 dxc4 10. Nxc4 Bb7 11. e5 Nd5 12. h4 h6 13. Ne3 c5 14. Ng4 cxd4 15. Nxd4 h5 16. Nxe6 fxe6 17. Nh6+ Kh8 18. Nf7+ Rxf7 19. Qg6 Rf5 20. Qxe6 Rxe5 21. Qg6 Qe8 22. Qd3 Nb4 23. Qb3 Bxg2 24. Kxg2 Qg8 25. Qa4 Qd5+ 0-1

[Event "EYCC Open-U12 2019"]
[Site "Bratislava"]
[Date "2019.08.08"]
[Round "7.22"]
[White "Magold, Filip"]
[Black "Dudarev, Vladislav"]
[Result "1-0"]
[ECO "B77"]
[WhiteElo "1865"]
[BlackElo "2137"]
[Annotator "NA"]
[PlyCount "153"]
[EventDate "2019.08.02"]
[EventType "swiss"]
[EventCountry "SVK"]
[SourceTitle "playchess.com"]
[Source "ChessBase"]
[SourceQuality "1"]
[TimeControl "40/5400+30:1800+30"]

1. e4 c5 2. Nf3 d6 3. d4 cxd4 4. Nxd4 Nf6 5. Nc3 g6 6. Be3 Bg7 7. f3 O-O 8. Bc4 Nc6 9. Qd2 Bd7 10. h4 h5 11. O-O-O Rc8 12. Bb3 Ne5 13. Bh6 Nc4 14. Bxc4 Rxc4 15. Bxg7 Kxg7 16. g4 hxg4 17. h5 Rh8 18. hxg6 fxg6 19. f4 Rc5 20. e5 dxe5 21. Nb3 Rxh1 22. Rxh1 Qc7 23. Nxc5 Qxc5 24. fxe5 Qxe5 25. Re1 Qd6 26. Qe3 Bc6 27. Qxe7+ Qxe7 28. Rxe7+ Kh6 29. Kd2 g3 30. Ne2 g2 31. c4 Ne4+ 32. Ke1 a6 33. Re5 g5 34. b4 Nc3 35. Kf2 Nd1+ 36. Kg1 Bf3 37. Nd4 g4 38. b5 axb5 39. cxb5 Kg6 40. a4 Nc3 41. a5 Kf6 42. Rc5 Ne4 43. Rf5+ Kg6 44. Nxf3 Kxf5 45. Nh4+ Kg5 46. a6 bxa6 47. bxa6 Kxh4 48. a7 Kh3 49. a8=Q g3 50. Qh8+ Kg4 51. Kxg2 Kf4 52. Qh4+ Ke3 53. Qg4 Kd3 54. Qf4 Nd2 55. Qxg3+ Kd4 56. Qf4+ Kd3 57. Kf2 Ne4+ 58. Ke1 Nc3 59. Qb4 Ne4 60. Kf1 Ke3 61. Kg2 Kd3 62. Kf3 Nd2+ 63. Kf4 Nc4 64. Qc5 Nd2 65. Qe3+ Kc2 66. Qa3 Nc4 67. Qh3 Nd2 68. Ke3 Nb3 69. Ke4 Nd2+ 70. Kd4 Nb3+ 71. Kc4 Nd2+ 72. Kb4 Ne4 73. Qe3 Nd2 74. Qe2 Kc1 75. Kc3 Nb1+ 76. Kd3 Na3 77. Qa2 1-0

[Event "EYCC Open-U12 2019"]
[Site "Bratislava"]
[Date "2019.08.08"]
[Round "7.23"]
[White "Guia, Artur Solovyov Eloy"]
[Black "Celik, Hasan Huseyin"]
[Result "1-0"]
[ECO "A01"]
[WhiteElo "1790"]
[BlackElo "1903"]
[Annotator "NA"]
[PlyCount "79"]
[EventDate "2019.08.02"]
[EventType "swiss"]
[EventCountry "SVK"]
[SourceTitle "playchess.com"]
[Source "ChessBase"]
[SourceQuality "1"]
[TimeControl "40/5400+30:1800+30"]

1. b3 e5 2. Bb2 Nc6 3. Nf3 e4 4. Nd4 Nf6 5. e3 d5 6. Nxc6 bxc6 7. d3 Bd6 8. Nd2 O-O 9. Be2 Re8 10. dxe4 Nxe4 11. Nxe4 dxe4 12. Qd4 Qg5 13. O-O-O Be5 14. Qc4 Bxb2+ 15. Kxb2 Bb7 16. Rd7 Qf5 17. Rhd1 a5 18. g4 Qf6+ 19. Qd4 Qg6 20. Bc4 Rf8 21. Rxf7 Kh8 22. Rxc7 Ba6 23. Bxa6 Rxa6 24. Qd6 Qe8 25. Qe7 Qxe7 26. Rxe7 a4 27. Rdd7 a3+ 28. Kc3 h6 29. Rxg7 Rxf2 30. Rge7 Ra8 31. Rxe4 Rxh2 32. Ra4 Re8 33. Rxa3 Rxe3+ 34. Kb2 Re8 35. Ra6 Rc8 36. Rd6 Kg7 37. Raxc6 Rxc6 38. Rxc6 Rg2 39. Rc4 Kg6 40. a4 1-0

[Event "EYCC Open-U12 2019"]
[Site "Bratislava"]
[Date "2019.08.08"]
[Round "7.24"]
[White "Macias Pino, Diego"]
[Black "De Reese, Elias"]
[Result "1-0"]
[ECO "B00"]
[WhiteElo "2150"]
[BlackElo "1850"]
[Annotator "NA"]
[PlyCount "121"]
[EventDate "2019.08.02"]
[EventType "swiss"]
[EventCountry "SVK"]
[SourceTitle "playchess.com"]
[Source "ChessBase"]
[SourceQuality "1"]
[TimeControl "40/5400+30:1800+30"]

1. e4 d6 2. Nc3 Nf6 3. f4 e5 4. Nf3 Nbd7 5. d4 exd4 6. Qxd4 c6 7. Be3 d5 8. e5 Ng4 9. Bg1 Bc5 10. Qd2 Bxg1 11. Rxg1 Qb6 12. Na4 Qe3+ 13. Qxe3 Nxe3 14. Bd3 O-O 15. Kd2 Nc4+ 16. Bxc4 dxc4 17. Nc3 Nc5 18. Ke3 Rd8 19. h3 Be6 20. Nd4 Kf8 21. g4 Bd5 22. Nf5 f6 23. Nd6 Ke7 24. Nxd5+ cxd5 25. Rad1 fxe5 26. fxe5 Ke6 27. Kd4 b6 28. Rgf1 Rf8 29. Nb5 Na6 30. a3 Rfc8 31. Rf5 Nb8 32. Rdf1 a6 33. Nd6 Nc6+ 34. Kc3 Rc7 35. Nf7 d4+ 36. Kd2 Ne7 37. Ng5+ Kd5 38. Rf7 Kxe5 39. Re1+ Kd6 40. Re6+ Kd5 41. Rexe7 Rxe7 42. Rxe7 Rf8 43. Ke2 d3+ 44. cxd3 cxd3+ 45. Kxd3 h6 46. Ne4 Rf3+ 47. Kc2 Rxh3 48. Nc3+ Kd6 49. Rxg7 Rh2+ 50. Kb3 Ke5 51. Rg6 Kf4 52. Rxb6 Kxg4 53. Rxa6 h5 54. Rh6 Kg5 55. Rh8 Kg6 56. a4 Kg7 57. Re8 h4 58. a5 Rf2 59. a6 Rf7 60. Nb5 h3 61. a7 1-0

[Event "EYCC Open-U12 2019"]
[Site "Bratislava"]
[Date "2019.08.08"]
[Round "7.25"]
[White "Foerster-Yialamas, Lucas"]
[Black "Nemsadze, Daviti"]
[Result "0-1"]
[ECO "B67"]
[WhiteElo "2028"]
[BlackElo "1794"]
[Annotator "NA"]
[PlyCount "70"]
[EventDate "2019.08.02"]
[EventType "swiss"]
[EventCountry "SVK"]
[SourceTitle "playchess.com"]
[Source "ChessBase"]
[SourceQuality "1"]
[TimeControl "40/5400+30:1800+30"]

1. e4 c5 2. Nf3 d6 3. d4 cxd4 4. Nxd4 Nf6 5. Nc3 Nc6 6. Bg5 e6 7. Qd2 a6 8. O-O-O Bd7 9. f4 b5 10. Re1 b4 11. Nxc6 bxc3 12. Qxc3 Qb6 13. Bxf6 gxf6 14. Nb4 Rc8 15. Nd5 exd5 16. exd5+ Be7 17. Qxf6 Rxc2+ 18. Kxc2 Qf2+ 19. Kb3 O-O 20. Rxe7 Rb8+ 21. Kc3 Qxb2+ 22. Kd3 Bb5+ 23. Ke3 Qxf6 24. Re4 Bxf1 25. Rxf1 Qc3+ 26. Kf2 Qc5+ 27. Kg3 Qxd5 28. Rfe1 Rb2 29. f5 Qxf5 30. Re8+ Kg7 31. R1e3 Qg5+ 32. Kh3 Qxg2+ 33. Kh4 Rb4+ 34. R8e4 Rxe4+ 35. Rxe4 Qxe4+ 0-1

[Event "EYCC Open-U12 2019"]
[Site "Bratislava"]
[Date "2019.08.08"]
[Round "7.26"]
[White "Saveljev, Ivan"]
[Black "Hagner, Bennet"]
[Result "1-0"]
[ECO "C54"]
[WhiteElo "2040"]
[BlackElo "1831"]
[Annotator "NA"]
[PlyCount "61"]
[EventDate "2019.08.02"]
[EventType "swiss"]
[EventCountry "SVK"]
[SourceTitle "playchess.com"]
[Source "ChessBase"]
[SourceQuality "1"]
[TimeControl "40/5400+30:1800+30"]

1. e4 e5 2. Nf3 Nc6 3. Bc4 Bc5 4. c3 Nf6 5. d3 d6 6. O-O a5 7. Re1 O-O 8. Bg5 h6 9. Bh4 g5 10. Bg3 Nh7 11. d4 Bb6 12. h3 g4 13. hxg4 Bxg4 14. dxe5 Ng5 15. exd6 cxd6 16. Nbd2 Re8 17. Qb3 a4 18. Qc2 Bxf3 19. Nxf3 Nxf3+ 20. gxf3 Ne5 21. Be2 Kh8 22. Kg2 Rg8 23. Rh1 Qf6 24. Qd2 Rg6 25. Rh3 Rag8 26. Rah1 Kh7 27. f4 Nc6 28. f5 Rg5 29. Kf1 d5 30. Qf4 dxe4 31. Rxh6+ 1-0